 Dungeon Crawl Stone Soup version 0.26-a0-519-gb2f46efeda (webtiles) character file.

Game seed: 9304715575700412662

60 ReteAZ the Cudgeler (level 4, -2/35 HPs)
             Began as a Human Chaos Knight on Aug 11, 2020.
             Was a Plaything of Xom.
             Slain by an iron imp (10 damage)
             ... summoned by Xom
             ... on level 2 of the Dungeon.
             The game lasted 00:01:29 (1530 turns).

ReteAZ the Cudgeler (Human Chaos Knight)            Turns: 1530, Time: 00:01:30

Health: -2/35      AC:  5    Str: 14      XL:     4   Next: 25%
Magic:  4/4        EV: 11    Int: 12      God:    Xom [......]
Gold:   110        SH:  0    Dex:  7 (12) Spells: 3/3 levels left

rFire    . . .     SeeInvis .   a - +0 mace (chaos)
rCold    . . .     Faith    .   (no shield)
rNeg     . . .     Spirit   .   b - +2 leather armour
rPois    +         Reflect  .   (no helmet)
rElec    .         Harm     .   (no cloak)
rCorr    .                      (no gloves)
MR       .....                  (no boots)
Stlth    +.........             (no amulet)
HPRegen  0.11/turn              (no ring)
MPRegen  0.09/turn              (no ring)

@: no status effects
A: blurry vision 1, poison resistance
a: Renounce Religion


You were on level 2 of the Dungeon.
You worshipped Xom.
You were a very special plaything of Xom.
You visited 1 branch of the dungeon, and saw 2 of its levels.

You collected 110 gold pieces.

Inventory:

Hand Weapons
 a - a +0 mace of chaos (weapon)
Missiles
 c - 8 javelins (quivered)
 d - 24 poisoned darts
Armour
 b - a +2 leather armour (worn)
 g - a +0 chain mail of poison resistance
Scrolls
 e - 3 scrolls of remove curse {unknown}
 l - 2 scrolls of identify {unknown}
 m - a scroll of fog {unknown}
 n - 2 scrolls of amnesia {unknown}
Potions
 f - a potion of curing
 h - a potion of might {unknown}
 i - a potion of heal wounds {unknown}
 j - a potion of haste {unknown}
 k - a potion of flight {unknown}


   Skills:
 + Level 3.4 Fighting
 * Level 3.8 Maces & Flails
 + Level 2.5 Armour
 + Level 1.9 Dodging


You had 3 spell levels left.
You didn't know any spells.
Your spell library was empty.

Dungeon Overview and Level Annotations

Branches:
Dungeon (2/15)

Altars:


Innate Abilities, Weirdness & Mutations

Scrolls take you a little longer to read.
Your system is resistant to poisons. (rPois)


Message History

The quasit claws you but does no damage.
The quasit bites you but does no damage.
The quasit claws you.
* * * LOW HITPOINT WARNING * * *
The quasit barely misses you.
You miss the quasit. The quasit bites you.
* * * LOW HITPOINT WARNING * * *
You feel clumsy. The quasit barely misses you. x2
You miss the quasit.
The quasit disappears in a puff of smoke!
The iron imp completely misses you.
You hit the iron imp.
The iron imp convulses.
The iron imp is moderately wounded.
The iron imp hits you but does no damage.
You closely miss the iron imp.
The iron imp is moderately wounded.
The iron imp hits you!
You die... "What!?
That's it?"

######....[#
..........#############
########....5.........######
#.#########.........# #.#
#.##.####.# ## ##+## #.##.#
#.# .# ##...## ###.##.####.#
.# ##>....## #.5......##.#
.# ##.......## #@#.###..##.#
.###.........###.......†...#
...+.........'..........####
.###.........###.....##.#
....#.......## #.#.#.##.#
.##.##.....## #........#
.##.###...## #######.####
.##.# ##'## #.....#.# .##.#
#.# #.###.#.#


You could see an iron imp (summoned).

Vanquished Creatures
  An ooze (D:2)
  2 worms (D:2)
  2 dart slugs (D:2)
  6 bats
  A giant cockroach (D:1)
  6 goblins
  6 hobgoblins
  2 jackals (D:1)
  A ball python (D:2)
  2 frilled lizards (D:1)
  5 kobolds
  7 rats
41 creatures vanquished.

Vanquished Creatures (others)
  A leopard gecko (D:1)
1 creature vanquished.

Grand Total: 42 creatures vanquished

Notes
Turn   | Place    | Note
-------+----------+-------------------------------------------
     0 | D:1      | ReteAZ the Human Chaos Knight began the quest for the Orb.
     0 | D:1      | Reached XP level 1. HP: 18/18 MP: 1/1
   125 | D:1      | Reached XP level 2. HP: 23/24 MP: 2/2
   463 | D:1      | Reached XP level 3. HP: 29/29 MP: 3/3
   520 | D:1      | XOM: divination: detect items
   625 | D:1      | XOM: divination: detect items
   663 | D:1      | XOM: silly message
   819 | D:2      | XOM: potion effect (invisibility)
   994 | D:2      | Reached XP level 4. HP: 27/35 MP: 4/4
  1406 | D:2      | XOM: give mutations
  1406 | D:2      | Gained mutation: Scrolls take you a little longer to read.
                  | [Xom's mischief]
  1406 | D:2      | Gained mutation: Your system is resistant to poisons.
                  | (rPois) [Xom's mischief]
  1489 | D:2      | XOM: summons 3 hostile demons
  1530 | D:2      | Slain by an iron imp

Illustrated notes

Levels and vault maps discovered:
D:1:      mushboom_english_gardens, layout_loops_ring
D:2:      layout_loops_corners, minmay_misc_feat_encased

Action                   |  1- 3 |  4- 6 || total
-------------------------+-------+-------++-------
Melee: Mace              |    85 |    32 ||   117
  Use: Potion            |     1 |       ||     1
 Stab: Invisible         |     3 |       ||     3
Armor: Leather armour    |    34 |    32 ||    66
Dodge: Dodged            |    62 |    40 ||   102

Table legend: (Time is in decaauts)
 A = Elapsed time spent in this place.
 B = Non-inter-level travel time spent in this place.
 C = Inter-level travel time spent in this place.
 D = Time resting spent in this place.
 E = Time spent auto-exploring this place.
 F = Levels seen in this place.
 G = Mean time per level.
                   A        B        C        D        E       F      G
               +--------+--------+--------+--------+--------+-----+--------+
         Total |   1556 |   1533 |     23 |      0 |   1219 |   2 |  778.0 |
       Dungeon |   1556 |   1533 |     23 |      0 |   1219 |   2 |  778.0 |
               +--------+--------+--------+--------+--------+-----+--------+

Top non-repeatable levels by time:
     D:2: 806 daAuts
     D:1: 749 daAuts
